 Dungeon Crawl Stone Soup version 0.29-a0-2-g12fcac58f8 (webtiles) character file.

Game seed: 5417886458529417445

79 Hasart the Conjurer (level 4, 0/30 HPs)
             Began as a Demonspawn Conjurer on Jan 27, 2022.
             Slain by an adder (3 damage)
             ... on level 3 of the Dungeon.
             The game lasted 00:02:27 (2759 turns).

Hasart the Conjurer (Demonspawn Conjurer)           Turns: 2759, Time: 00:02:27

Health: 0/30       AC:  4    Str:  7    XL:     4   Next: 16%
Magic:  6/7        EV: 12    Int: 22    God:
Gold:   35         SH:  0    Dex: 11    Spells: 5/8 levels left

rFire   . . .      SeeInvis .   l - +0 quarterstaff
rCold   . . .      Faith    .   (shield currently unavailable)
rNeg    . . .      Spirit   .   a - +0 robe
rPois   .          Reflect  .   (helmet restricted)
rElec   .          Harm     .   (no cloak)
rCorr   .          Rampage  .   (no gloves)
Will    .....                   (no boots)
Stlth   ++........              (no amulet)
HPRegen 0.10/turn               (no ring)
MPRegen 0.10/turn               (no ring)

@: lethally poisoned (0 -> -4)
A: antennae 1, icy blue scales 1, spiny 1
a: no special abilities


You were on level 3 of the Dungeon.
You visited 1 branch of the dungeon, and saw 3 of its levels.

You collected 35 gold pieces.

Inventory:

Hand Weapons
 l - a +0 quarterstaff (weapon)
Missiles
 i - a throwing net
Armour
 a - a +0 robe (worn)
Wands
 n - a wand of polymorph (6)
Scrolls
 c - a scroll of noise {unknown}
 e - a scroll of torment {unknown}
 g - a scroll of identify {unknown}
 h - a scroll of enchant armour {unknown}
 k - a scroll of amnesia {unknown}
 m - 2 scrolls of vulnerability {unknown}
Potions
 b - a potion of brilliance {unknown}
 d - a potion of curing {unknown}
 f - a potion of flight {unknown}
 j - a potion of invisibility {unknown}


   Skills:
 + Level 2.5 Dodging
 - Level 1.7 Stealth
 + Level 2.6 Spellcasting
 * Level 4.9 Conjurations


You had 5 spell levels left.
You knew the following spells:

 Your Spells              Type           Power      Damage    Failure   Level
a - Magic Dart            Conj           96%        1d7       1%          1
b - Searing Ray           Conj           48%        2d6       2%          2

Your spell library contained the following spells:

 Spells                   Type           Power      Damage    Failure   Level
 Slow                     Hex            8%         N/A       13%         1
 Dazzling Flash           Conj/Hex       26%        N/A       14%         3
 Blink                    Tloc           4%         N/A       21%         2
 Confusing Touch          Hex            2%         N/A       36%         3
 Vampiric Draining        Necr           2%         2d6       36%         3
 Fulminant Prism          Conj/Hex       6%         3d7       43%         4
 Iskenderun's Mystic Bla  Conj/Tloc      13%        2d5       43%         4
 Manifold Assault         Tloc           2%         N/A       98%         5
 Storm Form               Tmut/Air       1%         N/A       100%        7


Dungeon Overview and Level Annotations

Branches:
Dungeon (3/15)

Altars:


Innate Abilities, Weirdness & Mutations

You have a pair of small antennae on your head.
You are partially covered in icy blue scales. (AC +2)
You are partially covered in sharp spines.


Message History

The hobgoblin barely misses you.
A frilled lizard comes into view.
The hobgoblin is struck by your spines.
The hobgoblin hits you but does no damage.
The hobgoblin hits you but does no damage.
The frilled lizard hisses angrily.
The hobgoblin barely misses you.
The hobgoblin hits you but does no damage.
The hobgoblin is struck by your spines.
You kill the hobgoblin!
The adder is struck by your spines. The adder completely misses you.
The adder is struck by your spines. The adder barely misses you.
The adder barely misses you. The adder is struck by your spines.
The adder bites you.
You are poisoned.
The adder poisons you!
You feel sick. The adder bites you. The adder is struck by your spines.
The adder bites you. x2
You are more poisoned.
The adder poisons you!
You feel sick. The adder bites you.
You are more poisoned.
The adder poisons you! The adder completely misses you.
You feel very sick. The adder bites you but does no damage.
The adder completely misses you. The adder bites you but does no damage.
* * * LOW HITPOINT WARNING * * *
You feel sick. The adder is struck by your spines.
The adder closely misses you. The adder is struck by your spines.
The adder barely misses you.
You feel sick. The adder is struck by your spines.
The adder closely misses you. The adder is struck by your spines.
You kill the adder!
The adder bites you.
* * * LOW HITPOINT WARNING * * *
* * * LOW HITPOINT WARNING * * *
You feel sick. The ball python bites you.
* * * LOW HITPOINT WARNING * * *
The adder bites you.
You die...

# ## # #.
.$# # ##.
##...# # ..
###l..# # #
#.##SSl#
#.. # ..#@#
#.... #
#.#)#......
#
#.#.....^#
#
#......###
# #.#..###
# #.#### #
#.# # #.# #
#.# #


You could see an adder, a ball python and 2 frilled lizards.

Vanquished Creatures
  3 adders
  2 dart slugs
  2 orcs (D:3)
  6 endoplasms
  3 giant cockroaches
  4 goblins
  5 hobgoblins
  3 kobolds
  3 quokkas (D:1)
  5 ball pythons
  2 bats
  A frilled lizard (D:1)
  A rat (D:3)
40 creatures vanquished.

Notes
Turn   | Place    | Note
-------+----------+-------------------------------------------
     0 | D:1      | Hasart the Demonspawn Conjurer began the quest for the Orb.
     0 | D:1      | Reached XP level 1. HP: 13/13 MP: 3/3
   203 | D:1      | Gained mutation: You are partially covered in icy blue
                  | scales. (AC +2) [demonic ancestry]
   203 | D:1      | Reached XP level 2. HP: 19/19 MP: 1/5
   462 | D:1      | Learned a level 2 spell: Searing Ray
  1427 | D:1      | Found a faded altar of an unknown god.
  1597 | D:2      | Gained mutation: You have a pair of small antennae on your
                  | head. [demonic ancestry]
  1597 | D:2      | Reached XP level 3. HP: 24/24 MP: 1/6
  2739 | D:3      | Gained mutation: You are partially covered in sharp spines.
                  | [demonic ancestry]
  2739 | D:3      | Reached XP level 4. HP: 30/30 MP: 4/7
  2759 | D:3      | Slain by an adder

Illustrated notes

Levels and vault maps discovered:
D:1:      minmay_arrival_shoal_huts, layout_basic,
          shapermc_ecumenical_altar_mp_vishouse, st_stairs_4, serial_park_tiny_2
D:2:      layout_loops_corners, feat_on_display
D:3:      minmay_razor_zed, layout_rooms

Skill      XL: |  1 |
---------------+----+-----
Dodging        | 2 |  2.5
Stealth        | |  1.7
Spellcasting   | |  2.6
Conjurations   | |  4.9

Action                   |  1- 3 |  4- 6 || total
-------------------------+-------+-------++-------
Melee: Quarterstaff      |     3 |       ||     3
 Cast: Magic Dart        |    74 |       ||    74
Armor: Robe              |     1 |     6 ||     7
Dodge: Dodged            |     3 |    11 ||    14

Table legend: (Time is in decaauts)
 A = Elapsed time spent in this place.
 B = Non-inter-level travel time spent in this place.
 C = Inter-level travel time spent in this place.
 D = Time resting spent in this place.
 E = Time spent auto-exploring this place.
 F = Levels seen in this place.
 G = Mean time per level.
                   A        B        C        D        E       F      G
               +--------+--------+--------+--------+--------+-----+--------+
         Total |   2761 |   2686 |     75 |      0 |   2487 |   3 |  920.3 |
       Dungeon |   2761 |   2686 |     75 |      0 |   2487 |   3 |  920.3 |
               +--------+--------+--------+--------+--------+-----+--------+

Top non-repeatable levels by time:
     D:1: 1447 daAuts
     D:2: 1098 daAuts
     D:3: 215 daAuts
